 Dungeon Crawl Stone Soup version 0.31-a0-799-g6bc09d010c (webtiles) character file.

Game seed: 15939607852187854130

280 cforsyth the Trooper (level 6, -2/49 HPs)
             Began as a Djinni Delver on Sept 19, 2023.
             Slain by a water moccasin zombie (7 damage)
             ... in an ossuary.
             The game lasted 00:03:46 (1436 turns).

cforsyth the Trooper (Djinni Delver)                Turns: 1436, Time: 00:03:46

Health: -2/49      AC:  4    Str: 11    XL:     6   Next: 52%
Gold:   19         EV: 12    Int: 13    God:
                   SH:  0    Dex: 15

rFire   + + .        a - +0 falchion
rCold   x . .        (no shield)
rNeg    . . .        b - +0 leather armour
rPois   ∞            (no helmet)
rElec   .            (no cloak)
rCorr   .            h - +0 pair of gloves
SInv    .            (boots unavailable)
Will    .....        (no amulet)
Stlth   ++           (no ring)
HPRegen 0.28/turn    (no ring)
MPRegen 0.00/turn

%: infuse magic (-3 HP)
@: flying, silenced
A: sickness immunity, fire resistance 2, cold vulnerability 1, float, innate
caster, HP casting, extra vitality 1
a: no special abilities


You were in an ossuary.
You visited 1 branch of the dungeon, and saw 2 of its levels.
You also visited: Ossuary.

You collected 19 gold pieces.

Inventory:

Hand Weapons
 a - a +0 falchion (weapon)
Armour
 b - a +0 leather armour (worn)
 h - a +0 pair of gloves (worn)
Wands
 g - a wand of digging (3)
Scrolls
 c - a scroll of fog
 e - a scroll of fear
 i - a scroll of poison {unknown}


   Skills:
 + Level 5.2 Fighting
 - Level 1.7 Long Blades
 - Level 2.1 Dodging
 - Level 4.1 Stealth
 + Level 3.0 Spellcasting
 + Level 3.0 Conjurations
 + Level 3.0 Hexes
   Level 0.0 Charms
 + Level 3.0 Summonings
 + Level 3.0 Necromancy
 + Level 3.0 Translocations
 + Level 3.0 Transmutations
 + Level 3.0 Fire Magic
 + Level 3.0 Ice Magic
 + Level 3.0 Air Magic
 + Level 3.0 Earth Magic
 + Level 3.0 Poison Magic


You knew the following spells:

 Your Spells              Type           Power      Damage    Failure   Level
a - Kiss of Death         Conj/Necr      36%        2d8       9%          1
b - Scorch                Fire           18%        2d5       13%         2
Your spell library was empty.

Dungeon Overview and Level Annotations

Branches:
Dungeon (5/15)            Ossuary (1/1)
 Temple: D:4-7

Altars:


Innate Abilities, Weirdness & Mutations

You are immune to sickness and miasma.
You are immune to poison.
Your flesh is very heat resistant. (rF++)
You are vulnerable to cold. (rC-)
You float through the air rather than walking.
You learn spells naturally, not from books.
Your magical power is your life essence.
You have superior vitality. (+4 MHP)


Message History

The water moccasin zombie is heavily damaged.
The water moccasin zombie bites you.
The water moccasin zombie closely misses you.
You hit the water moccasin zombie.
The water moccasin zombie is heavily damaged.
The water moccasin zombie closely misses you.
You barely miss the water moccasin zombie.
The water moccasin zombie is heavily damaged.
The water moccasin zombie bites you.
You hit the water moccasin zombie.
The water moccasin zombie is severely damaged.
The water moccasin zombie barely misses you.
The water moccasin zombie misses you.
You barely miss the water moccasin zombie.
The water moccasin zombie is severely damaged.
The water moccasin zombie bites you. x2
* * * LOW HITPOINT WARNING * * *
You barely miss the water moccasin zombie.
The water moccasin zombie is severely damaged.
The water moccasin zombie bites you but does no damage.
You hit the water moccasin zombie.
The water moccasin zombie is severely damaged.
The water moccasin zombie bites you.
* * * LOW HITPOINT WARNING * * *
You closely miss the water moccasin zombie.
The water moccasin zombie is severely damaged.
The water moccasin zombie misses you. The water moccasin zombie bites you.
* * * LOW HITPOINT WARNING * * *
You aren't carrying any potions.
Okay, then.
Magic scrolls do not work when you're silenced!
Okay, then.
Unknown command.
You hit the water moccasin zombie but do no damage.
The water moccasin zombie is severely damaged.
The water moccasin zombie bites you but does no damage.
You closely miss the water moccasin zombie.
The water moccasin zombie is severely damaged.
The water moccasin zombie misses you. The water moccasin zombie bites you!
You die...

########## ##########
##........# #........##
#.........###.........##
...........'...........##
....8......'......8.....#
...8#8.....'.....8#8....#
....8....#####....8.....#
.......### ###@.......#
......## ##Z......#
.....## ##......# .....#
#......# ....## ##.....#
##### #...### #'''#
#...### ##.....#


You could see a water moccasin zombie.

Vanquished Creatures
  A scorpion (D:4)
  2 water moccasin zombies (Ossuary)
  A bullfrog zombie (Ossuary)
  A hound (D:4)
  A scorpion zombie (Ossuary)
  3 adder zombies (Ossuary)
  2 gnoll zombies (Ossuary)
  A hobgoblin (D:4)
  A kobold (D:4)
  5 goblin zombies (Ossuary)
  3 hobgoblin zombies (Ossuary)
  3 orc zombies (Ossuary)
24 creatures vanquished.

Notes
Turn   | Place    | Note
-------+----------+-------------------------------------------
     0 | D:5      | cforsyth the Djinni Delver began the quest for the Orb.
     0 | D:5      | Reached XP level 1. HP: 20/20 MP: 0/0
    42 | D:5      | Noticed an iguana
    49 | D:5      | Noticed a jelly
    82 | D:4      | Noticed a scorpion
    96 | D:4      | HP: 1/20 [scorpion (3)]
    97 | D:4      | Killed a scorpion
    98 | D:4      | Reached skill level 1 in Spellcasting
    98 | D:4      | Reached skill level 1 in Conjurations
    98 | D:4      | Reached skill level 1 in Hexes
    98 | D:4      | Reached skill level 1 in Summonings
    98 | D:4      | Reached skill level 1 in Necromancy
    98 | D:4      | Reached skill level 1 in Translocations
    98 | D:4      | Reached skill level 1 in Transmutations
    98 | D:4      | Reached skill level 1 in Fire Magic
    98 | D:4      | Reached skill level 1 in Ice Magic
    98 | D:4      | Reached skill level 1 in Air Magic
    98 | D:4      | Reached skill level 1 in Earth Magic
    98 | D:4      | Reached skill level 1 in Poison Magic
    98 | D:4      | Reached XP level 2. HP: 2/26 MP: 0/0
    98 | D:4      | Reached XP level 3. HP: 2/31 MP: 0/0
    98 | D:4      | Learned a level 1 spell: Kiss of Death
    98 | D:4      | Reached XP level 4. HP: 3/37 MP: 0/0
   203 | D:4      | Reached skill level 4 in Fighting
   256 | D:4      | Found a sand-covered staircase.
   283 | Ossuary  | Entered an ossuary
   379 | Ossuary  | Reached XP level 5. HP: 38/41 MP: 0/0
   379 | Ossuary  | Learned a level 2 spell: Scorch
   451 | Ossuary  | Reached XP level 6. HP: 15/49 MP: 0/0
   975 | Ossuary  | Reached skill level 5 in Fighting
  1436 | Ossuary  | Slain by a water moccasin zombie

Illustrated notes

Levels and vault maps discovered:
D:4:      kennysheep_goblin_castle, layout_basic, general_overflow_altar,
          nicolae_ossuary_entry_plus, roderic_serpentine_path
D:5:      layout_cave_pools, mainiacjoe_overflow_surrounded_room, temple_hall,
          hangedman_glass_teeth, st_stairs_6, nicolae_the_louvre
Ossuary:  ossuary_hellmonk_silent_tomb

Skill      XL: |  1  2  3  4  5  6 |
---------------+-------------------+-----
Spellcasting   | 1 2 3 |  3.0
Conjurations   | 1 2 3 |  3.0
Hexes          | 1 2 3 |  3.0
Summonings     | 1 2 3 |  3.0
Necromancy     | 1 2 3 |  3.0
Translocations | 1 2 3 |  3.0
Transmutations | 1 2 3 |  3.0
Fire Magic     | 1 2 3 |  3.0
Ice Magic      | 1 2 3 |  3.0
Air Magic      | 1 2 3 |  3.0
Earth Magic    | 1 2 3 |  3.0
Poison Magic   | 1 2 3 |  3.0
Fighting       | 4 5 |  5.2
Long Blades    | |  1.7
Dodging        | |  2.1
Stealth        | |  4.1

Action                     |  1- 3 |  4- 6 || total
---------------------------+-------+-------++-------
  Melee: Falchion          |     9 |   137 ||   146
         Punch             |       |     2 ||     2
   Cast: Scorch            |       |     1 ||     1
    Use: Scroll            |       |     1 ||     1
         Potion            |       |     2 ||     2
   Stab: Sleeping          |     1 |     1 ||     2
 Armour: Leather armour    |     6 |   111 ||   117
  Dodge: Dodged            |     4 |    90 ||    94

Table legend: (Time is in decaauts)
 A = Elapsed time spent in this place.
 B = Non-inter-level travel time spent in this place.
 C = Inter-level travel time spent in this place.
 D = Time resting spent in this place.
 E = Time spent auto-exploring this place.
 F = Levels seen in this place.
 G = Mean time per level.
                   A        B        C        D        E       F      G
               +--------+--------+--------+--------+--------+-----+--------+
         Total |   1448 |   1448 |      0 |    831 |     60 |   3 |  482.7 |
       Dungeon |    287 |    287 |      0 |     95 |     41 |   2 |  143.5 |
       Ossuary |   1161 |   1161 |      0 |    736 |     19 |   1 | 1161.0 |
               +--------+--------+--------+--------+--------+-----+--------+

Top non-repeatable levels by time:
 Ossuary: 1161 daAuts
     D:4: 217 daAuts
     D:5: 70 daAuts
